 Dungeon Crawl Stone Soup version 0.24-a0-201-gf205589 (webtiles) character file.

Game seed: 1682386958671758863

85 Ijustatesigmund the Magician (level 4, 0/28 HPs)
             Began as an Octopode Wizard on Mar 21, 2019.
             Killed from afar by Natasha (6 damage)
             ... with a magic dart
             ... on level 2 of the Dungeon.
             The game lasted 00:04:54 (3037 turns).

Ijustatesigmund the Magician (Octopode Wizard)      Turns: 3037, Time: 00:04:55

Health: 0/28       AC:  1    Str:  6    XL:     4   Next: 48%
Magic:  0/8        EV: 13    Int: 20    God:
Gold:   82         SH:  0    Dex: 11    Spells: 3/9 levels left

rFire    . . .     SeeInvis .   d - +0 rapier
rCold    . . .     Gourm    .   (no shield)
rNeg     . . .     Faith    .   a - +0 hat
rPois    +         Spirit   .   (no amulet)
rElec    .         Reflect  .   m - ring of poison resistance
rCorr    .         Harm     .   (no ring)
MR       .....                  (no ring)
Stlth    +++.......             (no ring)
HPRegen  0.09/turn              (no ring)
MPRegen  0.11/turn              (no ring)
                                (no ring)
                                (no ring)

@: about to teleport, very slightly contaminated
A: almost no armour, stealthy swim, amphibious, 8 rings, constrict 8, camouflage
1, gelatinous body 1
a: no special abilities


You were on level 2 of the Dungeon.
You were not hungry.

You visited 1 branch of the dungeon, and saw 2 of its levels.

You collected 82 gold pieces.

Inventory:

Hand Weapons
 d - a +0 rapier (weapon)
Armour
 a - a +0 hat (worn)
Jewellery
 m - a ring of poison resistance (left tentacle)
Potions
 j - a potion of might
 l - a potion of resistance
Comestibles
 c - 3 rations
 f - a chunk of flesh


   Skills:
 - Level 1.6 Fighting
 + Level 1.3 Short Blades
 - Level 2.0 Dodging
 - Level 2.6 Stealth
 - Level 3.0 Spellcasting
 + Level 2.5 Conjurations
   Level 1.0 Summonings
 + Level 2.1 Translocations


You had 3 spell levels left.
You knew the following spells:

 Your Spells              Type           Power        Failure   Level  Hunger
a - Magic Dart            Conj           ##..         4%          1    None
b - Blink                 Tloc           N/A          9%          2    ##.....
c - Conjure Flame         Conj/Fire      #.......     26%         3    ###....

Your spell library contained the following spells:

 Spells                   Type           Power        Failure   Level  Hunger
 Call Imp                 Summ           #.......     14%         2    ##.....
 Slow                     Hex            #.......     22%         2    ##.....
 Mephitic Cloud           Conj/Pois/Air  #.......     30%         3    ###....


Dungeon Overview and Level Annotations

Branches:
Dungeon (2/15)

Altars:

Annotations:
D:2 Natasha


Innate Abilities, Weirdness & Mutations

You cannot wear most types of armour.
You are very stealthy in the water. (Stealth+)
You are amphibious.
You can wear up to eight rings at the same time.
You can use your tentacles to constrict eight enemies at once.
Your skin changes colour to match your surroundings (Stealth+).
Your rubbery body absorbs attacks. (AC +1, EV +1)


Message History

Confirm with . or Enter, or press ? or * to list all spells.
You don't have enough magic to cast that spell.
You barely miss Natasha. Your grab misses Natasha. Your squeeze misses Natasha.
Natasha is severely wounded.
The leopard gecko bites you. The hobgoblin misses you. Natasha claws you.
The leopard gecko misses you.
You hit Natasha. You grab Natasha.
Natasha is severely wounded.
You constrict Natasha, but do no damage.
Natasha claws you.
* * * LOW HITPOINT WARNING * * *
The hobgoblin barely misses you. The leopard gecko bites you.
* * * LOW HITPOINT WARNING * * *
Okay, then.
As you read the scroll of teleportation, it crumbles to dust.
You feel strangely unstable.
You constrict Natasha, but do no damage.
Natasha stares at you and mumbles some strange words.
The magic dart hits you.
You die...

**,,,,,,,,,,,,,,,,*,*,*
#.....#.
*,,,,,,,,,,...,,.#,#.###.......
*,,,,,,,*+*#..,.%.,#...........
**,,,,,,*,,#..,..##*####.#.....
*,,,,,,*,,#P.*#..,,,,,,,#.....
*,,,,,.####..##.####****#.....
*,,,,,..SP.........# #.....
*,,,,,......lg...$.######.....
*,,,,,.....5h@.....##.........
*,,,,,......###.#####.........
***,,,.....,* #.# #.........
*,,,....,,* #.#####......##.
*,,,...,,,* #...............
*,,,..,,,,* #######.........
*,,,.,,,,,* #.........
*,,,,,,,,,* #.........
*********** #......##.


You could see Natasha, an adder (wandering), a white imp, a leopard gecko and a
hobgoblin.

Vanquished Creatures
  Natasha (D:2)
  2 adders (D:2)
  An ooze (D:1)
  A worm (D:2)
  2 giant cockroaches (D:1)
  6 goblins
  4 hobgoblins
  5 jackals (D:1)
  A quokka (D:2)
  A ball python (D:1)
  A bat (D:1)
  A frilled lizard (D:1)
  5 kobolds
  4 rats
35 creatures vanquished.

Notes
Turn   | Place    | Note
-------+----------+-------------------------------------------
     0 | D:1      | Ijustatesigmund the Octopode Wizard began the quest for the
                  | Orb.
     0 | D:1      | Reached XP level 1. HP: 11/11 MP: 4/4
   458 | D:1      | Reached skill level 1 in Fighting
   458 | D:1      | Reached XP level 2. HP: 4/18 MP: 0/6
   791 | D:1      | Learned a level 2 spell: Blink
  1893 | D:1      | Reached XP level 3. HP: 23/23 MP: 4/7
  2125 | D:1      | Learned a level 3 spell: Conjure Flame
  2880 | D:2      | Noticed Natasha
  2897 | D:2      | Killed Natasha
  2897 | D:2      | Reached skill level 1 in Short Blades
  2897 | D:2      | Reached XP level 4. HP: 20/28 MP: 0/8
  3014 | D:2      | Noticed Natasha
  3037 | D:2      | Killed from afar by Natasha

Levels and vault maps discovered:
D:1:      lightli_arrival_boilingwater, layout_basic, minmay_pentomino_s4
D:2:      layout_basic, corexii_shack, uniq_sigmund, uniq_natasha

Skill      XL: |  1  2  3 |
---------------+----------+-----
Fighting       | 1 |  1.6
Conjurations   | 2 |  2.5
Short Blades   | 1 |  1.3
Translocations | 2 |  2.1
Dodging        | |  2.0
Stealth        | |  2.6
Spellcasting   | |  3.0
Summonings     | |  1.0

Action                   |  1- 3 |  4- 6 || total
-------------------------+-------+-------++-------
Melee: Unarmed           |    13 |       ||    13
       Tentacles         |     4 |       ||     4
       Constrict         |     5 |     2 ||     7
       Rapier            |     7 |     4 ||    11
 Cast: Magic Dart        |    91 |     9 ||   100
  Use: Scroll            |     7 |     1 ||     8
  Eat: Chunk             |     6 |       ||     6
Armor: Skin              |     1 |     2 ||     3
Dodge: Dodged            |    24 |     8 ||    32

Table legend:
 A = Non-vault XP
 B = Vault XP
 C = Vault XP percentage of total XP
 D = Non-vault monster count
 E = Vault monster count
 F = Vault count percentage of total count
                 A         B        C        D         E       F
            +---------+---------+-------+---------+---------+-------
      Total |      74 |      48 |  39.3 |      30 |       5 |  14.3
            +---------+---------+-------+---------+---------+-------
        D:1 |      33 |      12 |  26.7 |      21 |       4 |  16.0
        D:2 |      41 |      36 |  46.8 |       9 |       1 |  10.0
            +---------+---------+-------+---------+---------+-------
